 Dungeon Crawl Stone Soup version 0.30-a0-782-ge64f9170bb (webtiles) character file.

Game seed: 10055538976272553285

1689 Dirian the Carver (level 8, -6/71 HPs)
             Began as a Minotaur Fighter on Mar 18, 2023.
             Was a Priest of Makhleb.
             Killed by divine providence
             ... invoked by an orc priest
              (15 damage)
             ... on level 7 of the Dungeon.
             The game lasted 00:08:53 (5187 turns).

Dirian the Carver (Minotaur Fighter)                Turns: 5187, Time: 00:08:54

Health: -6/71      AC: 10    Str: 22    XL:     8   Next: 71%
Magic:  7/7        EV:  9    Int:  5    God:    Makhleb [***...]
Gold:   451        SH:  6    Dex: 11    Spells: 7/7 levels left

rFire   + . .      SeeInvis +    a - +0 long sword
rCold   . . .      Faith    .    c - +1 buckler
rNeg    . . .      Spirit   .    b - +0 scale mail
rPois   .          Reflect  .    (helmet restricted)
rElec   .          Harm     .    p - +0 cloak
rCorr   .          Rampage  .    g - +0 pair of gloves
Will    .....                    (no boots) Stlth
                                 e - amulet of regeneration
HPRegen 1.11/turn                l - ring of protection from fire
MPRegen 0.10/turn                o - ring of see invisible

@: hasted, very quick
A: horns 2, retaliatory headbutt
a: Renounce Religion, Minor Destruction, Lesser Servant of Makhleb


You were on level 7 of the Dungeon.
You worshipped Makhleb.
Makhleb was most pleased with you.
You visited 1 branch of the dungeon, and saw 7 of its levels.

You collected 451 gold pieces.

Inventory:

Hand Weapons
 a - a +0 long sword (weapon)
 i - a +0 flail
Missiles
 f - a throwing net (quivered)
 n - 2 boomerangs
 s - 8 javelins
Armour
 b - a +0 scale mail (worn)
 c - a +1 buckler (worn)
 g - a +0 pair of gloves (worn)
 p - a +0 cloak (worn)
Jewellery
 e - an amulet of regeneration (around neck)
 l - a ring of protection from fire (left hand)
 o - a ring of see invisible (right hand)
Scrolls
 j - 2 scrolls of fear
 k - 2 scrolls of poison
 m - 3 scrolls of amnesia
 r - a scroll of identify
 u - 3 scrolls of fog
 v - 2 scrolls of magic mapping
 x - a scroll of acquirement {unknown}
 y - a scroll of teleportation {unknown}
 z - a scroll of blinking
Potions
 d - a potion of might
 h - a potion of haste
 q - 2 potions of curing
 t - a potion of cancellation


   Skills:
 + Level 6.4 Fighting
 + Level 9.5 Long Blades
 + Level 7.9 Armour
 + Level 5.4 Shields
 + Level 0.3 Invocations


You had 7 spell levels left.
You didn't know any spells.
Your spell library contained the following spells:

 Spells                   Type           Power      Damage    Failure   Level
 Sting                    Tmut/Pois      0%         1d3       85%         1
 Blink                    Tloc           0%         N/A       94%         2
 Ensorcelled Hibernation  Hex/Ice        0%         N/A       94%         2
 Lesser Beckoning         Tloc           0%         N/A       94%         2
 Momentum Strike          Conj/Tloc      0%         3d8       94%         2
 Poisonous Vapours        Pois/Air       0%         N/A       94%         2
 Inner Flame              Hex/Fire       0%         N/A       99%         3
 Spider Form              Tmut/Pois      0%         N/A       99%         3
 Anguish                  Hex/Necr       0%         N/A       100%        4
 Cause Fear               Hex            0%         N/A       100%        4
 Olgreb's Toxic Radiance  Pois           0%         N/A       100%        4
 Fireball                 Conj/Fire      0%         3d3       100%        5
 Iskenderun's Battlesphe  Conj           0%         2d6       100%        5
 Conjure Ball Lightning   Conj/Air       0%         3x3d6     100%        6
 Orb of Destruction       Conj           0%         9d5       100%        7
 Discord                  Hex            0%         N/A       100%        8


Dungeon Overview and Level Annotations

Branches:
Dungeon (7/15) Zot: 26469  Temple (0/1) D:6

Altars:
Elyvilon
Makhleb
Nemelex Xobeh


Innate Abilities, Weirdness & Mutations

You have a pair of horns on your head.
You reflexively headbutt those who attack you in melee.


Message History

The orc priest is severely wounded.
You barely miss the orc priest. Your headbutt misses the orc priest.
The orc priest is severely wounded.
A hound comes into view.
The orc priest mumbles some strange prayers to Beogh against you.
Beogh smites you!
* * * LOW HITPOINT WARNING * * *
You closely miss the orc priest.
The orc priest is severely wounded.
You slash the orc priest!
You kill the orc priest!
Makhleb accepts your kill.
You feel better.
An orc comes into view. It is wielding a +0 hand axe.
You closely miss the orc priest. You headbutt the orc priest.
The orc priest is moderately wounded.
You block the orc priest's attack.
You hit the orc priest but do no damage.
You headbutt the orc priest.
The orc priest is moderately wounded.
You closely miss the orc priest.
The orc priest is moderately wounded.
You block the orc priest's attack.
You barely miss the orc priest.
The orc priest is moderately wounded.
The hound pauses to sniff the ground.
You block the orc priest's attack.
The orc priest mumbles some strange prayers to Beogh against you.
Pain shoots through your body!
* * * LOW HITPOINT WARNING * * *
You barely miss the orc priest. Your headbutt misses the orc priest.
The orc priest is moderately wounded.
You completely miss the orc priest. Your headbutt misses the orc priest.
The orc priest is moderately wounded.
The orc priest mumbles some strange prayers to Beogh against you.
Pain shoots through your body!
* * * LOW HITPOINT WARNING * * *
The orc priest invokes the aid of Beogh against you.
Beogh smites you!
You die...

...# ..
...#######....<.....#
....................# .
....................# ⌠.
###.................#...
#....................
#.................#
#..............oo.#
#.............@o..#
#..............h..#
#..............$......
#.....................
#.....................
######################


You could see a hound, 2 orc priests and an orc.

Vanquished Creatures
  Prince Ribbit (D:7)
  Duvessa (D:4)
  2 ice beasts
  A black bear (D:4)
  An orc warrior (D:4)
  A centaur (D:7)
  A kobold brigand (D:7)
  2 necrophages
  A scorpion (D:7)
  Dowan (D:4)
  A howler monkey (D:7)
  3 hounds
  Crazy Yiuf (D:4)
  An orc priest (D:7)
  4 jellies
  2 iguanas (D:7)
  Terence (D:2)
  2 orc wizards (D:4)
  A mummy (D:5)
  Robin (D:4)
  A gnoll (D:1)
  3 adders
  3 white imps
  An ufetubus (D:6)
  2 dart slugs
  12 orcs
  6 ball pythons
  5 bats
  7 endoplasms
  4 giant cockroaches
  11 goblins
  10 hobgoblins
  6 jackals
  10 kobolds
  4 quokkas
  A hobgoblin zombie (D:5)
  A kobold zombie (D:5)
  2 orc zombies (D:5)
  5 rats
123 creatures vanquished.

Notes
Turn   | Place    | Note
-------+----------+-------------------------------------------
     0 | D:1      | Dirian the Minotaur Fighter began the quest for the Orb.
     0 | D:1      | Reached XP level 1. HP: 19/19 MP: 0/0
   156 | D:1      | Reached XP level 2. HP: 26/27 MP: 1/1
   241 | D:1      | Reached skill level 3 in Long Blades
   265 | D:1      | Reached XP level 3. HP: 24/33 MP: 2/2
   696 | D:2      | Noticed Terence
   703 | D:2      | Killed Terence
   704 | D:2      | Reached XP level 4. HP: 25/40 MP: 3/3
   820 | D:2      | Reached skill level 4 in Long Blades
  1209 | D:3      | Found a faded altar of an unknown god.
  1223 | D:3      | Prayed at the altar of an unknown god.
  1223 | D:3      | Became a worshipper of Makhleb the Destroyer
  1223 | D:3      | Reached * piety under Makhleb
  2095 | D:3      | Reached XP level 5. HP: 45/47 MP: 4/4
  2375 | D:4      | Noticed Robin
  2406 | D:4      | Reached ** piety under Makhleb
  2408 | D:4      | Killed Robin
  2554 | D:4      | Noticed a black bear
  2571 | D:4      | Killed a black bear
  2572 | D:4      | Reached skill level 5 in Long Blades
  2572 | D:4      | Reached skill level 5 in Armour
  2658 | D:4      | Found a runed translucent door.
  2659 | D:4      | Noticed Crazy Yiuf
  2703 | D:4      | Reached XP level 6. HP: 47/55 MP: 5/5
  2803 | D:4      | Found a sparkling altar of Nemelex Xobeh.
  2854 | D:4      | Noticed an orc warrior
  2854 | D:4      | Noticed Dowan
  2854 | D:4      | Noticed Duvessa
  2872 | D:4      | Killed Duvessa
  2873 | D:4      | Reached skill level 5 in Fighting
  2881 | D:4      | Killed Dowan
  2882 | D:4      | Reached skill level 6 in Long Blades
  3036 | D:4      | Killed an orc warrior
  3037 | D:4      | Reached XP level 7. HP: 35/61 MP: 6/6
  3331 | D:4      | Killed Crazy Yiuf
  3413 | D:5      | Entered Level 5 of the Dungeon
  3508 | D:5      | Reached skill level 7 in Long Blades
  3821 | D:5      | Found a white marble altar of Elyvilon.
  4182 | D:6      | Reached XP level 8. HP: 45/70 MP: 7/7
  4195 | D:6      | Reached skill level 8 in Long Blades
  4345 | D:6      | Found a staircase to the Ecumenical Temple.
  4775 | D:7      | Reached skill level 5 in Shields
  4879 | D:7      | Reached *** piety under Makhleb
  4880 | D:7      | Reached skill level 9 in Long Blades
  5073 | D:7      | Noticed Prince Ribbit
  5091 | D:7      | Killed Prince Ribbit
  5187 | D:7      | Killed from afar by an orc priest

Illustrated notes

Levels and vault maps discovered:
D:1:      minmay_arrival_widening_spiral_wide, layout_rooms
D:2:      layout_rooms, minmay_split_cup_small, uniq_terence
D:3:      minmay_razor_zed, layout_basic,
          shapermc_ecumenical_altar_mp_ritualfount
D:4:      minmay_clustersquares, layout_cave_pools, nemelex_dance_club_becter,
          amcnicky_mini_corridor_feature, uniq_crazy_yiuf_cottage, uniq_duvessa,
          uniq_robin
D:5:      layout_basic, mainiacjoe_overflow_six_doors_small, minmay_mini_ossuary
D:6:      minmay_klotski, layout_basic, minmay_temple_entry_tees
D:7:      layout_gridville, minmay_misc_feat_more_columns, grunt_ministairs_3,
          uniq_prince_ribbit1

Skill      XL: |  1  2  3  4  5  6  7  8 |
---------------+-------------------------+-----
Fighting       | 4 5 6 |  6.4
Long Blades    | 3 4 5 6 7 9 |  9.5
Armour         | 4 5 6 7 |  7.9
Shields        | 4 5 |  5.4
Invocations    | |  0.3

Action                     |  1- 3 |  4- 6 |  7- 9 || total
---------------------------+-------+-------+-------++-------
  Melee: Long sword        |    55 |   135 |   164 ||   354
         Headbutt          |     7 |    11 |    32 ||    50
 Invoke: Minor Destruction |       |     1 |       ||     1
    Use: Scroll            |     2 |     5 |     5 ||    12
         Potion            |     1 |     5 |     2 ||     8
 Armour: Scale mail        |    23 |    67 |    63 ||   153
  Dodge: Dodged            |    32 |    71 |    56 ||   159
  Block: Buckler           |    15 |    38 |    38 ||    91

Table legend: (Time is in decaauts)
 A = Elapsed time spent in this place.
 B = Non-inter-level travel time spent in this place.
 C = Inter-level travel time spent in this place.
 D = Time resting spent in this place.
 E = Time spent auto-exploring this place.
 F = Levels seen in this place.
 G = Mean time per level.
                   A        B        C        D        E       F      G
               +--------+--------+--------+--------+--------+-----+--------+
         Total |   5242 |   4988 |    254 |    307 |   3742 |   7 |  748.9 |
       Dungeon |   5242 |   4988 |    254 |    307 |   3742 |   7 |  748.9 |
               +--------+--------+--------+--------+--------+-----+--------+

Top non-repeatable levels by time:
     D:4: 1249 daAuts
     D:3: 990 daAuts
     D:5: 628 daAuts
     D:6: 617 daAuts
     D:1: 616 daAuts
     D:2: 610 daAuts
     D:7: 529 daAuts
